 Dungeon Crawl Stone Soup version 0.31-a0-246-g8cbcc1cb85 (webtiles) character file.

Game seed: 1653515310480231373

2 Iniera the Sneak (level 1, -1/4 HPs)
             Began as a Demonspawn Brigand on July 12, 2023.
             Slain by an endoplasm (2 damage)
             ... on level 1 of the Dungeon.
             The game lasted 00:00:42 (108 turns).

Iniera the Sneak (Demonspawn Brigand)                Turns: 108, Time: 00:00:43

Health: -1/4       AC:  1    Str: 11    XL:     1   Next: 25%
Magic:  1/1        EV: 11    Int: 12    God:
Gold:   8          SH:  0    Dex: 14    Spells: 0/0 levels left

rFire   . . .        a - +2 dagger
rCold   . . .        (no shield)
rNeg    . . .        b - melded +0 robe
rPois   .            (no helmet)
rElec   .            c - +0 cloak
rCorr   .            (no gloves)
SInv    .            (no boots)
Will    .....        (no amulet)
Stlth   ++           (no ring)
HPRegen 0.20/turn    (no ring)
MPRegen 0.07/turn

%: no passive effects
@: maw-form
A: devouring maw, reduced hp
a: no special abilities


You were on level 1 of the Dungeon.
You were a creature with a mouth for a stomach.
You visited 1 branch of the dungeon, and saw 1 of its levels.

You collected 8 gold pieces.

Inventory:

Hand Weapons
 a - a +2 dagger (weapon)
Missiles
 d - 9 poisoned darts (quivered)
 z - 3 curare-tipped darts
Armour
 b - a +0 robe (melded)
 c - a +0 cloak (worn)
Talismans
 g - a maw talisman
Scrolls
 e - a scroll of butterflies {unknown}
Potions
 f - a potion of curing {unknown}


   Skills:
 + Level 2.0 Fighting
 - Level 1.7 Short Blades
 + Level 1.8 Throwing
 + Level 1.0 Dodging
 - Level 3.6 Stealth


You couldn't memorise any spells.
You didn't know any spells.
Your spell library contained the following spells:

 Spells                   Type           Power      Damage    Failure   Level
 Poisonous Vapours        Pois/Air       0%         N/A       45%         2
 Mephitic Cloud           Conj/Pois/Air  0%         N/A       69%         3
 Freezing Cloud           Conj/Ice/Air   0%         6-21      100%        5


Dungeon Overview and Level Annotations

Branches:
Dungeon (1/15)

Altars:


Message History

You closely miss the hobgoblin.
The hobgoblin is severely wounded.
The hobgoblin barely misses you.
You hit the hobgoblin but do no damage.
The hobgoblin is severely wounded.
The hobgoblin closely misses you.
You hit the hobgoblin.
You kill the hobgoblin!
Your Dodging skill increases to level 1!
No target in view!
No target in view!
No target in view!
You see here a maw talisman.
g - a maw talisman
Okay, then.
You begin transforming.
You continue transforming. x3
You turn into a creature with a mouth for a stomach.
Your +0 robe melds into your body.
HP restored.
You are a creature with a mouth for a stomach.
Your movement speed is average.
Your attack delay is about 0.9.
Your damage rating with your +2 dagger is about 6 (Base 4 x 110% (Dex) x 106% (Skill) + 2 (Ench)).
You are now empty-handed.
You are a creature with a mouth for a stomach.
Your movement speed is average.
Your attack delay is about 1.0.
Your damage rating with unarmed combat is about 5 (Base [5 + 0 (UC)] x 102% (Str) x 103% (Fight)).
a - a +2 dagger (weapon)
You pick up a book of Vapours and begin reading...
You add the spells Poisonous Vapours, Mephitic Cloud and Freezing Cloud to your library.
You open the door.
An endoplasm and 2 kobolds come into view.
The kobold shouts!
The endoplasm quivers.
The kobold shouts!
You hit the endoplasm but do no damage.
The kobold hits you with a +0 short sword.
Ouch! That really hurt!
* * * LOW HITPOINT WARNING * * *
The endoplasm hits you.
Ouch! That really hurt!
You die...

.....# ####.....#
####### # ..##.....#
......#.# #.##.....#
####.#.# #.##.....#
#......# #.##.....#
#....#######.##....?#
#...............###.#..
#>.#.##......##W.......
#............##JK..?...
#.#####†....###........
#.#...'.....+ .K.......
#.#.###.....# #........
#.#.###.....# #........
#.#.....##### #........
#.#####.# #........ #.#
#.#


You could see an endoplasm and 2 kobolds.

Vanquished Creatures
  A hobgoblin (D:1)
  A rat (D:1)
2 creatures vanquished.

Notes
Turn   | Place    | Note
-------+----------+-------------------------------------------
     0 | D:1      | Iniera the Demonspawn Brigand began the quest for the Orb.
     0 | D:1      | Reached XP level 1. HP: 16/16 MP: 1/1
    70 | D:1      | Reached skill level 1 in Dodging
   108 | D:1      | Slain by an endoplasm

Illustrated notes

Levels and vault maps discovered:
D:1:      onia_arrival_mini_spirals, layout_basic, basic_ecumenical_altar

Skill      XL: |  1 |
---------------+----+-----
Dodging        | 1 |  1.0
Fighting       | |  2.0
Short Blades   | |  1.7
Throwing       | |  1.8
Stealth        | |  3.6

Action                     || total
---------------------------++-------
  Melee: Dagger            ||     6
   Stab: Sleeping          ||     1
  Dodge: Dodged            ||     4
   Form: Maw               ||     1

Table legend: (Time is in decaauts)
 A = Elapsed time spent in this place.
 B = Non-inter-level travel time spent in this place.
 C = Inter-level travel time spent in this place.
 D = Time resting spent in this place.
 E = Time spent auto-exploring this place.
 F = Levels seen in this place.
 G = Mean time per level.
                   A        B        C        D        E       F      G
               +--------+--------+--------+--------+--------+-----+--------+
         Total |    106 |    106 |      0 |      0 |     72 |   1 |  106.0 |
       Dungeon |    106 |    106 |      0 |      0 |     72 |   1 |  106.0 |
               +--------+--------+--------+--------+--------+-----+--------+

Top non-repeatable levels by time:
     D:1: 106 daAuts
